 Dungeon Crawl Stone Soup version 0.28-b1-25-g9875b3fc8c (webtiles) character file.

Game seed: 17520475543650610628

210 Lathuz the Skirmisher (level 5, 0/29 HPs)
             Began as a Gargoyle Fighter on Feb 3, 2022.
             Was a Believer of Hepliaklqana.
             Slain by a quasit (2 damage)
             ... on level 3 of the Dungeon.
             The game lasted 00:07:40 (2987 turns).

Lathuz the Skirmisher (Gargoyle Fighter)            Turns: 2987, Time: 00:07:41

Health: 0/29       AC: 11    Str: 21      XL:     5   Next: 87%
Magic:  5/5        EV:  9    Int:  9      God:    Hepliaklqana [**....]
Gold:   97         SH:  4    Dex:  3 (9)  Spells: 4/4 levels left

rFire   . . .      SeeInvis .   a - +0 flail (vamp)
rCold   . . .      Faith    .   c - +1 buckler
rNeg    + . .      Spirit   .   b - +0 scale mail
rPois   ∞          Reflect  .   (no helmet)
rElec   +          Harm     .   (no cloak)
rCorr   .          Rampage  .   (no gloves)
Will    .....                   (no boots)
Stlth   ..........              (no amulet)
HPRegen 0.09/turn               (no ring)
MPRegen 0.09/turn               (no ring)

@: no status effects
A: reduced essence, sickness immunity, AC +4, negative energy resistance 1,
electricity resistance, torment resistance 1, petrification resistance
a: Renounce Religion, Recall Ancestor, Ancestor Identity


You were on level 3 of the Dungeon.
You worshipped Hepliaklqana.
Hepliaklqana was pleased with you.
You visited 1 branch of the dungeon, and saw 3 of its levels.

You collected 97 gold pieces.

Inventory:

Hand Weapons
 a - a +0 vampiric flail (weapon)
Missiles
 f - 3 javelins
 s - 95 stones (quivered)
Armour
 b - a +0 scale mail (worn)
 c - a +1 buckler (worn)
Jewellery
 e - a ring of ice
Scrolls
 h - a scroll of enchant armour
 l - a scroll of identify {unknown}
Potions
 d - a potion of degeneration {unknown}
 i - a potion of ambrosia {unknown}
 j - a potion of heal wounds {unknown}
 M - a potion of might


   Skills:
 + Level 4.3 Fighting
 * Level 4.0 Maces & Flails
 + Level 4.2 Armour
 + Level 4.2 Shields


You had 4 spell levels left.
You didn't know any spells.
Your spell library contained the following spells:

 Spells                   Type           Power      Damage    Failure   Level
 Gell's Gravitas          Tloc           0%         N/A       99%         3
 Teleport Other           Tloc           0%         N/A       99%         3
 Dispersal                Tloc           0%         N/A       100%        6


Dungeon Overview and Level Annotations

Branches:
Dungeon (3/15)

Altars:
Hepliaklqana

Annotations:
D:3 1 transporter, Galthrax's ghost, amateur DrCj


Innate Abilities, Weirdness & Mutations

Your life essence is reduced to manifest your ancestor. (-10% HP)
You are immune to sickness and miasma.
Your stone body is resilient. (AC +4)
You are immune to poison.
You resist negative energy. (rN+)
You are resistant to electric shocks. (rElec)
You are resistant to unholy torment.
You are immune to petrification.


Message History

The quasit is heavily wounded.
The quasit claws you.
* * * LOW HITPOINT WARNING * * *
You feel clumsy.
You closely miss the quasit.
The quasit is heavily wounded.
You barely miss the quasit.
The quasit is heavily wounded.
The quasit bites you.
* * * LOW HITPOINT WARNING * * *
You miss the quasit.
The quasit is heavily wounded.
The quasit claws you.
* * * LOW HITPOINT WARNING * * *
You feel clumsy. The quasit claws you.
* * * LOW HITPOINT WARNING * * *
You feel clumsy.
You hit the quasit.
The quasit is heavily wounded.
The quasit claws you.
* * * LOW HITPOINT WARNING * * *
You closely miss the quasit.
The quasit is heavily wounded.
The quasit claws you.
* * * LOW HITPOINT WARNING * * *
The quasit claws you.
* * * LOW HITPOINT WARNING * * *
Galthrax's ghost says very slowly, "There's no hope."
The quasit bites you.
* * * LOW HITPOINT WARNING * * *
The quasit claws you.
* * * LOW HITPOINT WARNING * * *
You feel clumsy.
You barely miss the quasit.
The quasit is heavily wounded.
You barely miss the quasit.
The quasit is heavily wounded.
The quasit claws you.
You die...

,*#...(.))#####...#....# *****,,
,,.....!#.)##..........### **,
,,####..##....#####......# **
,,,*#.......###...###....# ***
,,,...#####.#...$...##...# **,,
....*** ##.#...#.#..#...## *#.,,
....* #..#...#.#..#....###..,*
....* #.##.#55...##.........,*
...##*** #.#,#W5@#..#..#....###,,
.....,,**#.#...#©.=!#©.........,,
...#**,,##.##.....#$#.[........,,
...# *#.#..©#.#...#.##(..##..##**
...####.#..##..##.#.,#..##*#.# *
..###......#©..#...#.#.## *.#*
.##...#..#.##....#..##.# *,,**
............##......#..# **,,*
######.......#####.##.## ***,**


You could see 3 quasits and Galthrax's ghost.

Vanquished Creatures
  A jelly (D:3)
  2 adders (D:2)
  A gnoll (D:1)
  A worm (D:3)
  A dart slug (D:1)
  An orc (D:3)
  3 endoplasms
  A giant cockroach (D:1)
  A goblin (D:1)
  4 hobgoblins
  2 jackals (D:2)
  2 kobolds (D:1)
  A quokka (D:1)
  A ball python (D:1)
  8 bats
  2 frilled lizards (D:1)
  5 rats
37 creatures vanquished.

Vanquished Creatures (collateral kills)
  2 orc priests (D:3)
  An orc wizard (D:3)
  3 worms
  A dart slug (D:2)
  3 orcs (D:3)
  A jackal (D:2)
  2 quokkas (D:3)
  A ball python (D:3)
  A kobold (D:2)
15 creatures vanquished.

Vanquished Creatures (others)
  A battlemage (D:3)
  2 ancestors
  A withered plant (D:1)
4 creatures vanquished.

Grand Total: 56 creatures vanquished

Notes
Turn   | Place    | Note
-------+----------+-------------------------------------------
     0 | D:1      | Lathuz the Gargoyle Fighter began the quest for the Orb.
     0 | D:1      | Reached XP level 1. HP: 14/14 MP: 1/1
   259 | D:1      | Reached XP level 2. HP: 19/19 MP: 2/2
   458 | D:1      | Found a faded altar of an unknown god.
   471 | D:1      | Prayed at the altar of an unknown god.
   471 | D:1      | Became a worshipper of Hepliaklqana the Forgotten
   471 | D:1      | Reached * piety under Hepliaklqana
   806 | D:1      | Reached XP level 3. HP: 20/20 MP: 3/3
  1564 | D:2      | Reached XP level 4. HP: 26/26 MP: 4/4
  2186 | D:2      | Reached ** piety under Hepliaklqana
  2187 | D:2      | Remembered your ancestor Jenske as a battlemage
  2530 | D:3      | Found a transporter.
  2532 | D:3      | Noticed Galthrax's ghost (amateur DrCj)
  2536 | D:3      | Reached XP level 5. HP: 21/29 MP: 5/5
  2946 | D:3      | Found a transporter.
  2987 | D:3      | Slain by a quasit

Illustrated notes

Levels and vault maps discovered:
D:1:      dpeg_arrival_arbitrary_a, layout_basic,
          ebering_ecumenical_altar_petrified
D:2:      layout_loops_ring, dk_vineyard_1
D:3:      layout_rooms, gammafunk_ghost_stat_death

Skill      XL: |  1  2  3  4  5 |
---------------+----------------+-----
Maces & Flails | 3 4 |  4.0
Fighting       | 4 |  4.3
Armour         | 4 |  4.2
Shields        | 4 |  4.2

Action                   |  1- 3 |  4- 6 || total
-------------------------+-------+-------++-------
Melee: Flail             |    86 |    70 ||   156
Throw: Stone             |    15 |     3 ||    18
Invok: Ancestor Life: Ba |       |     1 ||     1
       Ancestor Identity |       |     1 ||     1
  Use: Scroll            |     1 |     2 ||     3
Armor: Scale mail        |    47 |   131 ||   178
Dodge: Dodged            |    44 |    86 ||   130
Block: Buckler           |    14 |    40 ||    54
